 Dungeon Crawl Stone Soup version 0.24.0-125-gc4c63601f3 (webtiles) character file.

Game seed: 8223705426296653815, levelgen mode: deterministic

261 Lindell the Chopper (level 5, -1/48 HPs)
             Began as a Minotaur Berserker on Mar 15, 2020.
             Was a Priest of Trog.
             Slain by Grinder (3 damage)
             ... on level 4 of the Dungeon.
             The game lasted 00:11:29 (3358 turns).

Lindell the Chopper (Minotaur Berserker)            Turns: 3358, Time: 00:11:29

Health: -1/48      AC:  7    Str: 23    XL:     5   Next: 96%
Magic:  4/4        EV: 11    Int:  4    God:    Trog [***...]
Gold:   193        SH:  0    Dex:  9    Spells: 4/4 levels left

rFire    . . .     SeeInvis .   b - +1 dagger (venom)
rCold    + + .     Gourm    .   (no shield)
rNeg     + . .     Faith    .   o - +0 ring mail
rPois    .         Spirit   .   (helmet restricted)
rElec    .         Reflect  .   n - scarf {rC+ rF+}
rCorr    .         Harm     .   e - +1 pair of gloves
MR       .....                  (no boots)
Stlth    ..........             (no amulet)
HPRegen  0.16/turn              m - ring of positive energy
MPRegen  0.09/turn              q - ring of ice

@: berserk cooldown, slowed, very slow
A: retaliatory headbutt, horns 2
a: Berserk, Trog's Hand, Renounce Religion


You were on level 4 of the Dungeon.
You worshipped Trog.
Trog was most pleased with you.
You were very hungry.

You visited 1 branch of the dungeon, and saw 4 of its levels.

You collected 193 gold pieces.

Inventory:

Hand Weapons
 a - a +0 hand axe
 b - a +1 dagger of venom (weapon)
Armour
 e - a +1 pair of gloves (worn)
 n - a scarf of resistance (worn)
 o - a +0 ring mail (worn)
Jewellery
 m - a ring of positive energy (left hand)
 q - a ring of ice (right hand)
Scrolls
 d - a scroll of teleportation
 g - 3 scrolls of remove curse
 h - a scroll of enchant armour
 k - a scroll of identify
 s - 2 scrolls of amnesia {unknown}
Potions
 f - 3 potions of curing
 l - a potion of invisibility {unknown}
 r - a potion of flight {unknown}
 t - a potion of resistance {unknown}
Comestibles
 c - 3 rations


   Skills:
 + Level 5.1 Fighting
 + Level 1.4 Short Blades
 * Level 6.0 Axes
 + Level 3.5 Armour
 - Level 2.7 Dodging
 - Level 0.3 Stealth


You had 4 spell levels left.
You didn't know any spells.
Your spell library was empty.

Dungeon Overview and Level Annotations

Branches:
Dungeon (4/15)
 Temple: D:4-7

Altars:
Ashenzari
Dithmenos
Elyvilon
Qazlal
Wu Jian

Annotations:
D:3 exclusion: downstairs
D:4 Grinder


Innate Abilities, Weirdness & Mutations

You reflexively headbutt those who attack you in melee.
You have a pair of horns on your head.


Message History

Grinder hits you but does no damage. The adder skeleton barely misses you.
You furiously retaliate!
You headbutt the adder skeleton. You barely miss Grinder. You headbutt Grinder!
Grinder is heavily wounded.
Grinder blinks!
The adder skeleton closely misses you. You furiously retaliate!
You headbutt the adder skeleton!
The adder skeleton bites you but does no damage.
The adder skeleton misses you. You furiously retaliate!
You headbutt the adder skeleton!
You destroy the adder skeleton!
Trog accepts your kill. Grinder hits you!
* * * LOW HITPOINT WARNING * * *
Grinder hits you but does no damage.
You barely miss Grinder.
Grinder is heavily wounded.
Grinder hits you!
* * * LOW HITPOINT WARNING * * *
You writhe in agony.
You die...

#......).............
##................... ..
#..##.............# ...
#...###.....).....##...
##.....#..............#
#.......).#..##.?.....
#............##.....#
...........####.5...##.#
#.#.....#....#..@.......
# ##....#.......#......#
#....##.##...#.####..#.#
..#.....#....#..# ##
.##........##...#
.....##....##...#
......###...#..##
........##.....#
.........## .###


You could see Grinder.

Vanquished Creatures
  A hound (D:3)
  An orc wizard (D:4)
  A worker ant (D:4)
  Robin (D:4)
  6 adders
  3 oozes
  2 adder skeletons (D:4)
  2 worms
  A dart slug (D:2)
  3 leopard geckos
  4 orcs
  4 bats
  A giant cockroach (D:1)
  20 goblins
  7 hobgoblins
  11 jackals
  A ball python skeleton (D:4)
  6 frilled lizards
  5 kobolds
  8 rats
88 creatures vanquished.

Vanquished Creatures (others)
  4 toadstools (D:3)
4 creatures vanquished.

Grand Total: 92 creatures vanquished

Notes
Turn   | Place    | Note
-------+----------+-------------------------------------------
     0 | D:1      | Lindell the Minotaur Berserker began the quest for the Orb.
     0 | D:1      | Reached XP level 1. HP: 19/19 MP: 0/0
   195 | D:1      | Reached XP level 2. HP: 21/27 MP: 1/1
   381 | D:1      | Reached skill level 4 in Axes
   598 | D:2      | Reached ** piety under Trog
   599 | D:2      | Reached XP level 3. HP: 34/34 MP: 2/2
   954 | D:2      | Found a shattered altar of Ashenzari.
  1619 | D:3      | Reached XP level 4. HP: 41/41 MP: 3/3
  1632 | D:3      | Found a stormy altar of Qazlal.
  1635 | D:3      | Found a white marble altar of Elyvilon.
  1635 | D:3      | Found a shadowy altar of Dithmenos.
  1635 | D:3      | Found an ornate altar of the Wu Jian Council.
  1903 | D:3      | Reached skill level 5 in Axes
  2070 | D:3      | Reached *** piety under Trog
  2644 | D:4      | Noticed Robin
  2653 | D:4      | Killed Robin
  2653 | D:4      | Reached XP level 5. HP: 47/47 MP: 4/4
  2659 | D:4      | Noticed Grinder
  2664 | D:4      | Paralysed by Grinder for 5 turns
  2877 | D:3      | Reached skill level 5 in Fighting
  2877 | D:3      | Reached skill level 1 in Short Blades
  3171 | D:4      | Reached skill level 6 in Axes
  3335 | D:4      | Paralysed by Grinder for 7 turns
  3351 | D:4      | Paralysed by Grinder for 3 turns
  3358 | D:4      | HP: 2/48 [Grinder (9)]
  3358 | D:4      | Slain by Grinder

Levels and vault maps discovered:
D:1:      minmay_arrival_four_circles, layout_loops_ring, due_unseen_surprise
D:2:      layout_loops_corners, evilmike_ruin_ashenzari
D:3:      layout_loops_ring, grunt_temple_overflow_open,
          minmay_gold_behind_fungi, kennysheep_generic_room_3
D:4:      layout_cave_pools, uniq_robin, uniq_grinder

Skill      XL: |  1  2  3  4  5 |
---------------+----------------+-----
Fighting       | 4 5 |  5.1
Axes           | 4 5 6 |  6.0
Short Blades   | 1 |  1.4
Armour         | 3 |  3.5
Dodging        | |  2.7
Stealth        | |  0.3

Action                   |  1- 3 |  4- 6 || total
-------------------------+-------+-------++-------
Melee: Hand axe          |    70 |    20 ||    90
       Headbutt          |     9 |    17 ||    26
       Dagger            |       |    99 ||    99
Invok: Berserk           |     2 |     2 ||     4
  Use: Scroll            |       |     5 ||     5
  Eat: Ration            |     1 |     1 ||     2
       Chunk             |       |     3 ||     3
Armor: Animal skin       |    13 |       ||    13
       Leather armour    |     3 |       ||     3
       Ring mail         |       |    60 ||    60
Dodge: Dodged            |    46 |    74 ||   120
